 Dungeon Crawl Stone Soup version 0.31-a0-986-g5e6e4ef867 (webtiles) character file.

Game seed: 8131052467920154413

5894 Zonian the Thaumaturge (level 10, -1/50 HPs)
             Began as a Deep Elf Fire Elementalist on Nov 11, 2023.
             Was an Initiate of Gozag.
             Slain by a six-headed hydra (11 damage)
             ... on level 2 of the Lair of Beasts.
             The game lasted 00:27:50 (12076 turns).

Zonian the Thaumaturge (DEFE)                      Turns: 12076, Time: 00:27:50

Health: -1/50      AC:  5    Str:  5    XL:     10   Next: 53%
Magic:  16/25      EV: 16    Int: 29    God:    Gozag
Gold:   485        SH:  5    Dex: 15    Spells: 21/28 levels left

rFire   + + .        v - staff of fire
rCold   + . .        (no shield)
rNeg    . . .        a - +1 robe
rPois   +            (no helmet)
rElec   .            w - +0 cloak
rCorr   .            x - +0 pair of gloves
SInv    .            (no boots)
Will    +....        G - amulet "Tutezent" {Reflect rF+ Int+4 SH+5}
Stlth   ++++         c - ring of protection from cold
HPRegen 0.28/turn    J - ring of poison resistance
MPRegen 0.19/turn

%: reflection
@: no status effects
A: no striking features
a: Renounce Religion, Potion Petition, Call Merchant, Bribe Branch


You were on level 2 of the Lair of Beasts.
You worshipped Gozag.
Gozag was aware of your devotion.
You visited 2 branches of the dungeon, and saw 10 of its levels.

You collected 1296 gold pieces.
You spent 786 gold pieces at shops.
You paid 25 gold pieces to Gozag.

Inventory:

Hand Weapons
 p - a +1 dagger of venom
 r - the +9 trident of Bozip {freeze, rC+}
   (You found it on level 3 of the Dungeon)

   rC+:       It protects you from cold.
 u - a +3 mace of protection
 E - the +8 war axe of Calamity {vamp, Fragile rF+++ Int+6 Stlth-}
   (You found it on level 7 of the Dungeon)

   Int+6:     It affects your intelligence (+6).
   rF+++:     It renders you almost immune to fire.
   Fragile:   It will be destroyed if unequipped.
   Stlth-:    It makes you less stealthy.
Missiles
 j - 3 javelins
 l - 21 poisoned darts
Armour
 a - a +1 robe (worn)
 f - a +0 buckler
 w - a +0 cloak (worn)
 x - a +0 pair of gloves (worn)
Magical Staves
 n - a staff of cold
 v - a staff of fire (weapon)
Jewellery
 c - a ring of protection from cold (left hand)
 h - a ring of resist corrosion
 k - an amulet of regeneration
 C - a ring of fire
 G - the amulet "Tutezent" (around neck) {Reflect rF+ Int+4 SH+5}
   (You bought it in a shop on level 6 of the Dungeon)

   [amulet of reflection]

   Reflect:   It reflects blocked missile attacks.
   Int+4:     It affects your intelligence (+4).
   rF+:       It protects you from fire.
   SH+5:      It affects your SH (+5).
 J - a ring of poison resistance (right hand)
Wands
 d - a wand of digging (7)
 o - a wand of flame (14)
 H - a wand of acid (6)
 M - a wand of roots (6)
 N - a wand of mindburst (9)
Scrolls
 t - a scroll of fear
 y - a scroll of revelation
 B - a scroll of teleportation
 I - a scroll of butterflies {unknown}
 K - a scroll of vulnerability
 L - a scroll of enchant weapon
Potions
 b - 2 potions of magic
 e - a potion of heal wounds
 g - a potion of ambrosia
 i - a potion of lignification
 m - 2 potions of mutation
 q - a potion of enlightenment
 s - 2 potions of resistance
 z - a potion of attraction {unknown}
 A - 4 potions of brilliance
 D - 4 potions of haste
 F - a potion of might


   Skills:
 + Level 8.9 Dodging
 + Level 9.6 Stealth
 + Level 9.8 Spellcasting
 + Level 7.8 Conjurations
 + Level 8.5 Fire Magic


You had 21 spell levels left.
You knew the following spells:

 Your Spells              Type           Power      Damage    Failure   Level
a - Foxfire               Conj/Fire      100%       2x1d9     1%          1
b - Scorch                Fire           100%       2d9       1%          2
c - Flame Wave            Conj/Fire      75%        2d17      1%          4

Your spell library contained the following spells:

 Spells                   Type           Power      Damage    Failure   Level
 Kiss of Death            Conj/Necr      100%       2d13      1%          1
 Momentum Strike          Conj/Tloc      74%        3d10      1%          2
 Inner Flame              Hex/Fire       55%        N/A       1%          3
 Volatile Blastmotes      Fire/Tloc      100%       2d18      1%          3
 Blink                    Tloc           28%        N/A       6%          2
 Ensorcelled Hibernation  Hex/Ice        28%        N/A       6%          2
 Jinxbite                 Hex            28%        N/A       6%          2
 Lesser Beckoning         Tloc           28%        N/A       6%          2
 Confusing Touch          Hex            14%        N/A       12%         3
 Anguish                  Hex/Necr       7%         N/A       36%         4
 Dispel Undead            Necr           14%        3d10      36%         4
 Ozocubu's Refrigeration  Ice            7%         4d9       100%        7
 Polar Vortex             Ice            7%         N/A       100%        9
 Simulacrum               Ice/Necr       Unusable   N/A       N/A         6

Dungeon Overview and Level Annotations

Branches:
Dungeon (8/15)             Temple (0/1) D:4            Lair (2/5) D:8
  Swamp: Lair:2-3    Shoals: Lair:2-3     Snake: Lair:2-3    Spider: Lair:2-3

Altars:
Cheibriados
Fedhas
Gozag
Hepliaklqana
Kikubaaqudgha
Qazlal
Sif Muna
Trog
Vehumet
Xom
Yredelemnul

Shops:
D:6 !:=

Annotations:
D:5 Dowan, Duvessa
D:7 2 transporters, croobank's ghost, weakling DgDe


Message History

The foxfire hits the six-headed hydra!
The six-headed hydra is moderately wounded.
Unknown command.
Casting: Foxfire (safe; 1% risk of failure)
Confirm with . or Enter, or press ? or * to list all spells.
Casting: Flame Wave (dangerous; 1% risk of failure)
Press: ? - help, Dir - look around, f - activate You feel a surge of power!
A wave of flame ripples out!
The flame wave engulfs your foxfire.
Your foxfire completely resists.
The flame wave engulfs your foxfire.
Your foxfire completely resists. (Press . to intensify the flame waves.)
The foxfire hits the six-headed hydra.
The six-headed hydra is moderately wounded.
The foxfire hits the six-headed hydra.
The six-headed hydra is moderately wounded.
A wave of flame ripples out!
The flame wave engulfs the fungus!
The fungus begins to die.
The fungus is lightly damaged.
The flame wave engulfs the six-headed hydra!
The six-headed hydra is severely wounded.
Unknown command.
A wave of flame ripples out!
The flame wave engulfs the six-headed hydra!
The six-headed hydra is almost dead.
The flame wave engulfs the fungus!!
The fungus is lightly damaged.
The flame wave engulfs the fungus!
The fungus begins to die.
The fungus is lightly damaged.
You finish channelling waves of flame.
The six-headed hydra bites you! x2
The six-headed hydra barely misses you. x2; The six-headed hydra bites you!
* * * LOW HITPOINT WARNING * * *
The six-headed hydra misses you. The six-headed hydra bites you.
* * * LOW HITPOINT WARNING * * *
The six-headed hydra closely misses you. x2
The six-headed hydra bites you!
You die...
Your body crumbles into a pile of gold.

.......... .........
......... .........
........###
#.P...#.# #....##
#.@.P# #.D.## #...#
#...# ### ##...# ##
#.#####....# .#####
#.#.#PP....##
.##..###...........#
..........D........#


You could see a six-headed hydra.

Vanquished Creatures
  A black mamba (Lair:1)
  3 cane toads (Lair:1)
  3 komodo dragons (Lair:1)
  3 blink frogs (Lair:1)
  A shadow (D:7)
  5 yaks (Lair:1)
  3 wyverns
  A steam dragon (D:7)
  Menkaure (D:7)
  A water moccasin (D:5)
  An ice beast (D:7)
  An ogre (D:6)
  A centaur (D:8)
  A kobold brigand (D:7)
  6 bullfrogs
  A gnoll sergeant (D:8)
  3 scorpions
  6 wights
  A howler monkey (D:8)
  2 orc priests (D:6)
  A hound (D:5)
  2 sleepcaps
  2 iguanas (D:4)
  3 orc wizards
  5 gnolls (D:8)
  6 adders
  2 shadow imps
  2 white imps (D:7)
  3 worms (D:2)
  5 dart slugs
  13 orcs
  8 endoplasms
  5 hobgoblins
  4 jackals (D:1)
  10 kobolds
  3 quokkas
  8 ball pythons
  A bat (D:1)
  A frilled lizard (D:1)
  4 goblins
  4 rats
137 creatures vanquished.

Vanquished Creatures (collateral kills)
  2 foxfires (Lair:1)
2 creatures vanquished.

Vanquished Creatures (others)
  649 foxfires
649 creatures vanquished.

Grand Total: 788 creatures vanquished

Notes
Turn   | Place    | Note
-------+----------+-------------------------------------------
     0 | D:1      | Zonian the Deep Elf Fire Elementalist began the quest for
                  | the Orb.
     0 | D:1      | Reached XP level 1. HP: 10/10 MP: 6/6
   298 | D:1      | Reached XP level 2. HP: 15/15 MP: 4/8
   975 | D:1      | Reached XP level 3. HP: 19/19 MP: 4/9
  1329 | D:2      | Found an opulent altar of Gozag.
  1350 | D:2      | Became a worshipper of Gozag Ym Sagoz the Greedy
  1746 | D:2      | Reached XP level 4. HP: 24/24 MP: 6/11
  2241 | D:3      | Found a faded altar of an unknown god.
  2255 | D:3      | Found a faded altar of an unknown god.
  2506 | D:3      | Identified the +9 trident of Bozip {freeze, rC+}
  3314 | D:4      | Learned a level 2 spell: Scorch
  3462 | D:4      | Reached XP level 5. HP: 28/28 MP: 8/13
  3749 | D:4      | Found a staircase to the Ecumenical Temple.
  4403 | D:4      | Reached XP level 6. HP: 24/32 MP: 6/14
  4466 | D:4      | Found a hazy altar of Hepliaklqana.
  4467 | D:4      | Found a blossoming altar of Fedhas.
  4489 | D:4      | Found a stormy altar of Qazlal.
  4500 | D:4      | Found a radiant altar of Vehumet.
  4503 | D:4      | Found a shimmering blue altar of Sif Muna.
  4717 | D:5      | Entered Level 5 of the Dungeon
  4815 | D:5      | Noticed Duvessa
  4815 | D:5      | Noticed Dowan
  4895 | D:5      | Noticed a water moccasin
  4901 | D:5      | Killed a water moccasin
  5661 | D:6      | Found Vusmar's Distillery.
  5963 | D:6      | Reached skill level 5 in Spellcasting
  6088 | D:6      | Reached XP level 7. HP: 36/36 MP: 6/16
  6098 | D:6      | Reached skill level 5 in Stealth
  6098 | D:6      | Reached skill level 5 in Fire Magic
  6243 | D:6      | Noticed a two-headed ogre
  6320 | D:6      | Found Faodabb's Book Shop.
  6456 | D:6      | Reached skill level 5 in Dodging
  6472 | D:6      | Learned a level 4 spell: Flame Wave
  6643 | D:6      | Found an ancient bone altar of Kikubaaqudgha.
  6812 | D:6      | Found Offirch's Jewellery Shoppe.
  7037 | D:6      | Found a snail-covered altar of Cheibriados.
  7220 | D:7      | Noticed a shadow
  7271 | D:7      | Noticed Menkaure
  7333 | D:7      | Killed Menkaure
  7370 | D:7      | Reached XP level 8. HP: 38/41 MP: 8/19
  7780 | D:7      | Reached skill level 5 in Conjurations
  7975 | D:7      | Found a bloodstained altar of Trog.
  7975 | D:7      | Found a basalt altar of Yredelemnul.
  8032 | D:7      | Found a faded altar of an unknown god.
  8034 | D:7      | Found a faded altar of an unknown god.
  8036 | D:7      | Found a shimmering altar of Xom.
  8330 | D:7      | Identified the +8 war axe of Calamity {vamp, Fragile rF+++
                  | Int+6 Stlth-}
  8523 | D:7      | Noticed a queen bee
  8527 | D:7      | Noticed croobank's ghost (weakling DgDe)
  8532 | D:7      | Noticed a hornet
  8556 | D:7      | Found a transporter.
  8561 | D:7      | Found a transporter.
  8689 | D:8      | Reached XP level 9. HP: 45/45 MP: 14/22
  8848 | D:6      | Bought the amulet "Tutezent" {Reflect rF+ Int+4 SH+5} for
                  | 786 gold pieces
  8884 | D:8      | Found a staircase to the Lair.
  9641 | Lair:1   | Entered Level 1 of the Lair of Beasts
  9715 | Lair:1   | Noticed a cane toad
  9725 | Lair:1   | Killed a cane toad
  9827 | Lair:1   | Noticed a komodo dragon
  9837 | Lair:1   | Killed a komodo dragon
 10012 | Lair:1   | Noticed a cane toad
 10027 | Lair:1   | Killed a cane toad
 10038 | Lair:1   | Reached XP level 10. HP: 29/50 MP: 1/25
 10565 | Lair:1   | Noticed a black mamba
 10576 | Lair:1   | Killed a black mamba
 10947 | Lair:1   | Noticed a cane toad
 11073 | Lair:1   | Killed a cane toad
 11839 | Lair:2   | Noticed a death yak
 11839 | Lair:2   | Noticed a death yak
 11839 | Lair:2   | Noticed a death yak
 11839 | Lair:2   | Noticed a death yak
 11840 | Lair:2   | Noticed a death yak
 12035 | Lair:2   | Noticed a six-headed hydra
 12076 | Lair:2   | Slain by a six-headed hydra

Illustrated notes

Levels and vault maps discovered:
D:1:      minmay_arrival_open_corners, layout_loops_ring
D:2:      layout_rooms, basic_altar
D:3:      layout_loops_cross, hellmonk_ecumenical_altar_the_god_not_taken
D:4:      layout_loops_ring, minmay_overflow_temple_star_hex,
          minmay_temple_entry_drinking_statues
D:5:      layout_rooms, uniq_duvessa
D:6:      layout_layer_cave, mainiacjoe_overflow_catch_the_wave, serial_shops,
          shop, nicolae_shop_tiny_waterfront, nicolae_shop_gaudy_bauble,
          nrook_mini_backslash, chequers_garden
D:7:      layout_rooms, chequers_temple_overflow_minitemple,
          gammafunk_ghost_hive, due_unseen_surprise, uniq_menkaure
D:8:      layout_basic, lair_entry_dummy
Lair:1:   layout_roguey, lemuel_fruit_tree
Lair:2:   layout_gridlike, minmay_shoals_entry_beasts, spider_nest_entry_webs,
          nzn_sisyphean_effort

Skill      XL: |  1  2  3  4  5  6  7  8  9 10 |
---------------+-------------------------------+-----
Stealth        | 3 4 5 7 8 9 |  9.6
Dodging        | 3 4 5 6 8 |  8.9
Conjurations   | 2 3 4 5 7 |  7.8
Spellcasting   | 4 5 6 7 9 |  9.8
Fire Magic     | 4 5 6 7 8 |  8.5

Action                     |  1- 3 |  4- 6 |  7- 9 | 10-12 || total
---------------------------+-------+-------+-------+-------++-------
  Melee: Unarmed           |     5 |       |       |       ||     5
         Trident           |       |     4 |       |       ||     4
         Staff             |       |       |     7 |       ||     7
   Cast: Foxfire           |   104 |   132 |   160 |    21 ||   417
         Scorch            |       |       |    39 |    25 ||    64
         Flame Wave        |       |       |       |     3 ||     3
  Evoke: Wand              |       |       |     5 |     1 ||     6
    Use: Scroll            |     4 |    10 |    10 |     2 ||    26
         Potion            |       |     1 |     1 |     1 ||     3
 Armour: Robe              |     7 |    15 |    17 |    19 ||    58
  Dodge: Dodged            |    11 |    14 |    37 |    24 ||    86
  Block: Other             |       |       |     6 |     6 ||    12

Table legend: (Time is in decaauts)
 A = Elapsed time spent in this place.
 B = Non-inter-level travel time spent in this place.
 C = Inter-level travel time spent in this place.
 D = Time resting spent in this place.
 E = Time spent auto-exploring this place.
 F = Levels seen in this place.
 G = Mean time per level.
                   A        B        C        D        E       F      G
               +--------+--------+--------+--------+--------+-----+--------+
         Total |  12076 |  11566 |    510 |   3171 |   6215 |  10 | 1207.6 |
       Dungeon |   9641 |   9187 |    454 |   1754 |   5595 |   8 | 1205.1 |
          Lair |   2434 |   2379 |     55 |   1417 |    620 |   2 | 1217.0 |
               +--------+--------+--------+--------+--------+-----+--------+

Top non-repeatable levels by time:
  Lair:1: 2361 daAuts
     D:6: 1924 daAuts
     D:4: 1551 daAuts
     D:1: 1311 daAuts
     D:7: 1152 daAuts
     D:3: 1131 daAuts
     D:8: 903 daAuts
     D:2: 834 daAuts
     D:5: 831 daAuts
  Lair:2: 73 daAuts
